 Dungeon Crawl Stone Soup version 0.29.0-4-gdea44cf6ec (webtiles) character file.

Game seed: 12369537158635249199

4 qw the Sneak (level 1, -4/14 HPs)
             Began as a Gargoyle Delver on Sept 10, 2022.
             Slain by Pargi (5 damage)
             ... on level 4 of the Dungeon.
             The game lasted 00:00:09 (367 turns).

qw the Sneak (Gargoyle Delver)                       Turns: 367, Time: 00:00:10

Health: -4/14      AC: 11    Str: 15    XL:     1   Next: 70%
Magic:  1/1        EV:  6    Int: 10    God:
Gold:   15         SH:  0    Dex: 11    Spells: 0/0 levels left

rFire   . . .      SeeInvis .   Y - +0 war axe
rCold   . . .      Faith    .   (no shield)
rNeg    + . .      Spirit   .   a - +0 chain mail
rPois   inf        Reflect  .   (no helmet)
rElec   +          Harm     .   (no cloak)
rCorr   .          Rampage  .   l - +0 pair of gloves
Will    .....                   (no boots)
Stlth   ..........              (no amulet)
HPRegen 0.04/turn               (no ring)
MPRegen 0.07/turn               (no ring)

@: no status effects
A: sickness immunity, AC +2, negative energy resistance 1, electricity
resistance, torment resistance 1, petrification resistance
a: no special abilities


You were on level 4 of the Dungeon.
You visited 1 branch of the dungeon, and saw 2 of its levels.

You collected 15 gold pieces.


Innate Abilities, Weirdness & Mutations

You are immune to sickness and miasma.
Your stone body is resilient. (AC +2)
You are immune to poison.
You resist negative energy. (rN+)
You are resistant to electric shocks. (rElec)
You are resistant to unholy torment.
You are immune to petrification.


   Skills:
 - Level 3.2 Fighting
 - Level 2.2 Axes
 + Level 0.0 Armour
 - Level 1.5 Dodging
 - Level 5.4 Stealth


You couldn't memorise any spells.
You didn't know any spells.
Your spell library was empty.

Inventory:

Hand Weapons
 Y - a +0 war axe (weapon)
Missiles
 j - 3 boomerangs (quivered)
Armour
 a - a +0 chain mail (worn)
 l - a +0 pair of gloves (worn)
Wands
 g - a wand of digging (3)
Scrolls
 h - a scroll of identify
Potions
 f - 2 potions of haste
 i - a potion of brilliance {unknown}
 k - a potion of heal wounds {unknown}
 m - a potion of curing

Dungeon Overview and Level Annotations

Branches:
Dungeon (5/15)
 Temple: D:4-7

Altars:

Annotations:
D:4 Pargi


Message History

You closely miss Pargi.
Pargi is moderately wounded.
Pargi bites you. Pargi claws you but does no damage. x2
You barely miss Pargi.
Pargi is moderately wounded.
Pargi bites you but does no damage. Pargi claws you but does no damage.
Pargi barely misses you.
You hit Pargi.
Pargi is moderately wounded.
Pargi bites you but does no damage. Pargi claws you but does no damage. x2
Pargi closely misses you. Pargi claws you but does no damage. x2
You closely miss Pargi.
Pargi is lightly wounded.
Pargi bites you but does no damage. Pargi claws you but does no damage. x2
You barely miss Pargi.
Pargi is lightly wounded.
Pargi bites you but does no damage. Pargi claws you but does no damage. x2
Pargi bites you but does no damage. Pargi claws you but does no damage. x2
You closely miss Pargi.
Pargi is lightly wounded.
Pargi clenches his teeth.
Pargi bites you but does no damage. Pargi claws you but does no damage. x2
You hit Pargi.
Pargi is moderately wounded.
Pargi bites you. Pargi closely misses you. Pargi claws you but does no damage.
You closely miss Pargi.
Pargi is lightly wounded.
Pargi bites you but does no damage. Pargi claws you but does no damage.
Pargi closely misses you. Pargi bites you but does no damage.
Pargi claws you but does no damage. Pargi barely misses you.
You hit Pargi.
Pargi is lightly wounded.
Pargi bites you. Pargi barely misses you. Pargi claws you but does no damage.
You hit Pargi.
Pargi is lightly wounded.
Pargi barely misses you. Pargi claws you but does no damage. x2
You closely miss Pargi.
Pargi is lightly wounded.
Pargi bites you.
You die...

...!......... # ..
............ # .##
........... ## .....##
##........#.
.###.....#.##.......)...
...#....#...........<.#
..).....#.#......T....#
..........##....@#
>.#........#..#[.#
..#......... #..##
#.#.)...)..####...##
#.......>...#.#....##
#>..................##
...........##........#
...........###..##..##
...........###..#....##


You could see Pargi.

Vanquished Creatures
  A goblin (D:4)
  3 kobolds (D:4)
  A ball python (D:4)
5 creatures vanquished.

Notes
Turn   | Place    | Note
-------+----------+-------------------------------------------
     0 | D:5      | qw the Gargoyle Delver began the quest for the Orb.
     0 | D:5      | Reached XP level 1. HP: 14/14 MP: 1/1
     0 | D:5      | 0 ||| qw: Version: 0.1-a-116-g5d60599
     0 | D:5      | 0 ||| qw: Game counter: 8652
     0 | D:5      | 0 ||| qw: Always use a shield: true
     0 | D:5      | 0 ||| qw: God list: Okawaru
     0 | D:5      | 0 ||| qw: Allow faded altars: false
     0 | D:5      | 0 ||| qw: Do Orc after D:15 true
     0 | D:5      | 0 ||| qw: Do second Lair branch before Depths: true
     0 | D:5      | 0 ||| qw: Lair rune preference: random
     0 | D:5      | 0 ||| qw: Plans: Normal
     0 | D:5      | 0 ||| PLANNING D:1-11
     9 | D:5      | 9 ||| SWAPPING to +0 war axe.
    10 | D:5      | 10 ||| DROPPING +0 hand axe.
   160 | D:5      | 160 ||| UPGRADING to +0 pair of gloves.
   165 | D:5      | 165 ||| READING 2 scrolls labelled PUMADY MIMM.
   166 | D:5      | 166 ||| DRINKING 2 brown potions.
   167 | D:5      | 167 ||| DROPPING scroll of fog.
   168 | D:5      | 168 ||| DROPPING scroll of magic mapping.
   169 | D:5      | 169 ||| DROPPING scroll of fear.
   257 | D:4      | 257 ||| Stepping ~*~*~tactically~*~*~ (stealth).
   259 | D:4      | 259 ||| Stepping ~*~*~tactically~*~*~ (stealth).
   260 | D:4      | 260 ||| Stepping ~*~*~tactically~*~*~ (stealth).
   263 | D:4      | 263 ||| Stepping ~*~*~tactically~*~*~ (stealth).
   336 | D:4      | 336 ||| UPGRADING to +0 chain mail.
   346 | D:4      | 346 ||| DROPPING +0 leather armour.
   347 | D:4      | Noticed Pargi
   363 | D:4      | HP: 3/14 [Pargi (2)]
   365 | D:4      | HP: 1/14 [Pargi (2)]
   367 | D:4      | Slain by Pargi

Levels and vault maps discovered:
D:4:      layout_cave_pools, minmay_checkerbox, uniq_pikel, uniq_grinder,
          uniq_pargi
D:5:      layout_basic, grunt_gozag_breadcrumbs, temple_green,
          chequers_serial_rivers_micro_c, minmay_misc_feat_pillars

Skill      XL: |  1 |
---------------+----+-----
Axes           | 2 |  2.2
Fighting       | |  3.2
Dodging        | |  1.5
Stealth        | |  5.4

Action                   || total
-------------------------++-------
Melee: War axe           ||    27
Throw: Boomerang         ||    19
  Use: Scroll            ||     1
       Potion            ||     1
Armor: Chain mail        ||    44
       Leather armour    ||     7
Dodge: Dodged            ||    17

Table legend:
 A = Non-vault XP
 B = Vault XP
 C = Vault XP percentage of total XP
 D = Non-vault monster count
 E = Vault monster count
 F = Vault count percentage of total count
                 A         B        C        D         E       F
            +---------+---------+-------+---------+---------+-------
      Total |       7 |       0 |   0.0 |       5 |       0 |   0.0
            +---------+---------+-------+---------+---------+-------
        D:4 |       7 |       0 |   0.0 |       5 |       0 |   0.0
            +---------+---------+-------+---------+---------+-------
